Map: Jagannatha LE

Players

Player 2

  • Race: Terran Terran
  • Spawn Location: 1:00

Hydra - Winner!

  • Race: Zerg Zerg
  • League: Silver
  • Spawn Location: 7:00

VOD

Have the link to the VOD?

Description

Time

  • Played on: Sept. 30, 2020, 2:51 p.m.
  • Length: 13:15
Show
View Real Time Build Order
Export as new Build Order

Player 2 Terran 

Build Orders:  

Get SALT Encoding   

  12  0:00  SCV  
  13  0:13  SCV  
  14  0:18  Supply Depot  
  14  0:25  SCV  
  15  0:40  SCV  
  15  0:42  Barracks  
  16  0:46  Refinery  
  16  1:11  Supply Depot  
  16  1:21  Refinery  
  16  1:29  Orbital Command  
  16  1:30  Marine  
  17  1:49  Barracks Tech Lab  
  17  1:55  SCV  
  18  2:06  Marine  
  18  2:07  SCV  
  20  2:09  Supply Depot  
  20  2:19  SCV  
  21  2:24  Marine  
  22  2:31  SCV  
  23  2:42  Marauder  
  23  2:43  SCV  
  26  2:55  SCV  
  27  3:04  Marauder  
  29  4:35  SCV  
  29  5:03  Reaper, SCV  
  29  5:06  Supply Depot  
  31  5:12  Factory  
  31  5:15  SCV  
  32  5:28  SCV  
  33  5:31  Supply Depot  
  33  5:35  Marine  
  34  5:40  SCV  
  33  5:53  Marine  
  31  5:58  Starport  
  31  5:59  Command Center  
  29  6:11  Reaper  
  30  6:35  Starport Tech Lab  
  30  6:43  Reaper  
  31  6:54  Raven  
  33  7:12  SCV  
  33  7:15  Marine  
  35  7:17  SCV  
  36  7:24  SCV, Refinery  
  36  7:27  Refinery  
  36  7:29  SCV  
  38  7:33  Marauder  
  38  7:36  Raven  
  38  7:37  SCV  
  43  7:41  SCV  
  44  7:49  SCV  
  45  7:53  SCV  
  45  7:54  Reaper  
  47  8:01  SCV  
  49  8:05  SCV  
  49  8:13  SCV  
  49  8:17  SCV  
  51  8:25  SCV  
  51  8:26  Marine  
  53  8:29  SCV  
  54  8:37  SCV  
  55  8:42  SCV  
  55  8:44  Marine  
  57  8:49  SCV  
  57  8:54  SCV  
  59  8:58  Supply Depot  
  59  9:01  SCV  
  59  9:02  Marauder  
  62  9:06  SCV  
  63  9:23  Marine  
  64  10:12  Medivac, Factory Tech Lab  
  64  10:13  Engineering Bay  
  66  10:16  Supply Depot  
  66  10:30  Siege Tank  
  69  10:40  Supply Depot  
  69  10:41  Terran Infantry Weapons Level 1  
  69  10:42  Medivac  
  71  10:45  Marine  
  57  11:02  Siege Tank  
  60  11:08  Marine  
  61  11:12  Raven  
  56  11:25  SCV  
  56  11:26  Marine  
  56  11:30  SCV  
  37  11:34  Siege Tank  
  37  11:38  SCV  
  37  11:42  SCV  
  37  11:44  Marine  
  37  11:50  SCV  
  30  12:02  SCV, Marine  
  30  12:08  Siege Tank  
  34  12:14  SCV  
  24  12:19  Marine  
  17  12:26  SCV  
  15  12:37  Marine  
  15  12:38  SCV  
Show
View Real Time Build Order
Export as new Build Order

Hydra Zerg - Winner!

Build Orders: Pool First 

Get SALT Encoding   

  12  0:02  Drone  
  13  0:14  Overlord  
  13  0:18  Drone  
  14  0:39  Spawning Pool  
  14  0:41  Drone  
  14  0:43  Drone  
  15  0:50  Extractor  
  15  0:51  Drone  
  15  0:55  Drone  
  16  1:07  Drone  
  17  1:19  Drone  
  18  1:28  Queen  
  18  1:31  Zergling x2  
  21  1:48  Hatchery, Zergling x2  
  21  1:49  Zergling x2  
  22  2:12  Overlord  
  22  2:13  Overlord  
  22  3:12  Overlord  
  22  3:13  Overlord, Zergling x2  
  22  3:14  Zergling x4  
  22  3:17  Drone x2  
  27  3:26  Metabolic Boost  
  27  4:33  Drone  
  27  4:34  Drone x5  
  33  5:00  Extractor  
  33  5:02  Drone x4  
  36  5:12  Extractor  
  36  5:14  Extractor, Queen  
  35  5:20  Zergling x2  
  41  5:21  Zergling x10  
  39  5:44  Zergling x14  
  39  5:49  Queen  
  46  6:32  Zergling x6  
  49  7:38  Hatchery  
  49  7:41  Hatchery  
  47  8:20  Drone x3  
  47  8:21  Hatchery, Drone x2  
  47  8:22  Overlord  
  51  9:06  Zergling x12  
  57  9:16  Lair  
  57  9:58  Drone  
  57  9:59  Drone x5  
  63  10:14  Drone  
  63  10:15  Drone x10  
  74  10:44  Zergling x8  
  74  10:45  Zergling x6  
  74  10:51  Zergling x2  
  74  10:52  Zergling x6  
  74  10:53  Overlord  
  78  11:24  Drone x2  
  78  11:25  Drone x6  
  86  11:26  Overlord  
  86  11:27  Overlord x6  
  84  12:12  Zergling x2  
  84  12:13  Zergling x28  
  96  12:24  Nydus Network  
  95  12:34  Infestation Pit  
  95  12:35  Zergling x2  
  95  12:36  Zergling x8  
Tags
 
League
Silver
Matchup
TvZ
Opening
Pool First
Replay Pack
test
Spawn Locations
Cross Positions
Add a new tag
Caveats
  • Supply blocks, unpowered buildings, or Contaminate may cause inaccurate times.
  • Supply counts are checked every 10 seconds.